 Dungeon Crawl Stone Soup version 0.29.1-2-gbd0b4ee654 (webtiles) character file.

Game seed: 3788212417142882383

315 Eitelfritz the Covert (level 6, -3/36 HPs)
             Began as a Kobold Brigand on Nov 13, 2022.
             Was a Follower of Uskayaw.
             Slain by a wight
             ... wielding a +0 battleaxe
              (11 damage)
             ... on level 5 of the Dungeon on Nov 20, 2022.
             The game lasted 00:13:51 (4429 turns).

Eitelfritz the Covert (Kobold Brigand)              Turns: 4429, Time: 00:13:52

Health: -3/36      AC:  6    Str: 14    XL:     6   Next: 72%
Magic:  6/6        EV: 19    Int: 12    God:    Uskayaw [*.....]
Gold:   222        SH:  0    Dex: 19    Spells: 2/5 levels left

rFire   . . .      SeeInvis .   b - +0 rapier
rCold   . . .      Faith    .   (no shield)
rNeg    . . .      Spirit   .   r - +0 robe
rPois   .          Reflect  .   f - +2 helmet
rElec   .          Harm     .   c - +0 cloak
rCorr   .          Rampage  .   (no gloves)
Will    .....                   (no boots)
Stlth   +++++.....              (no amulet)
HPRegen 0.12/turn               h - +4 ring of evasion
MPRegen 0.10/turn               p - +6 ring of strength

@: no status effects
A: small, no large weapons, nightstalker 3
a: Renounce Religion, Stomp


You were on level 5 of the Dungeon.
You worshipped Uskayaw.
Uskayaw was noncommittal.
You visited 2 branches of the dungeon, and saw 7 of its levels.

You collected 222 gold pieces.

Inventory:

Hand Weapons
 a - a +2 dagger of venom
 b - a +0 rapier (weapon)
 m - a +2 dagger
 t - a +0 short sword
Missiles
 d - 30 poisoned darts (quivered)
 e - 3 curare-tipped darts
 k - 25 stones
Armour
 c - a +0 cloak (worn)
 f - a +2 helmet (worn)
 r - a +0 robe (worn)
Jewellery
 h - a +4 ring of evasion (left hand)
 p - a +6 ring of strength (right hand)
 x - a ring of positive energy
 z - a ring of poison resistance
Scrolls
 g - 4 scrolls of enchant armour {unknown}
 i - 6 scrolls of identify {unknown}
 j - a scroll of fear {unknown}
 n - a scroll of acquirement {unknown}
 u - 2 scrolls of vulnerability {unknown}
 v - 3 scrolls of noise {unknown}
 w - a scroll of teleportation {unknown}
 y - a scroll of amnesia {unknown}
 A - a scroll of butterflies {unknown}
Potions
 l - 3 potions of brilliance {unknown}
 o - a potion of curing {unknown}
 q - a potion of heal wounds {unknown}
 s - a potion of degeneration {unknown}


   Skills:
 + Level 2.5 Fighting
 + Level 4.5 Short Blades
 + Level 2.2 Throwing
 + Level 2.5 Dodging
 + Level 8.8 Stealth
 * Level 1.2 Invocations


You had 2 spell levels left.
You knew the following spells:

 Your Spells              Type           Power      Damage    Failure   Level
a - Ignite Poison         Fire/Tmut/Pois 0%         N/A       69%         3

Your spell library contained the following spells:

 Spells                   Type           Power      Damage    Failure   Level
 Mephitic Cloud           Conj/Pois/Air  0%         N/A       69%         3
 Freezing Cloud           Conj/Ice/Air   0%         6-21      100%        5


Dungeon Overview and Level Annotations

Branches:
Dungeon (6/15)             Temple (1/1) D:4

Altars:
Ashenzari
Cheibriados
Dithmenos
Elyvilon
Fedhas
Gozag
Hepliaklqana
Kikubaaqudgha
Makhleb
Okawaru
Ru
Trog
Uskayaw
Vehumet
Wu Jian
Xom
Yredelemnul
Zin
The Shining One

Shops:
D:2 (

Annotations:
D:4 1 runed translucent door, ripuliukko's ghost, amateur DsFi


Innate Abilities, Weirdness & Mutations

You are small and have problems with some larger weapons.
You are completely attuned to the shadows.


Message History

A - a scroll labelled SUGAICV GEUHIO
i - 6 scrolls labelled NENWIC SAKLI (gained 1)
Found a stone staircase leading down.
There is a stone staircase leading down here.
g - 4 scrolls labelled ZAPEJYRGHOF (gained 1)
l - 3 glowing sapphire potions (gained 1)
Found a ring mail.
A wight comes into view. It is wielding a +0 battleaxe.
A wight comes into view. It is wielding a +0 flail.
Found a scroll labelled MAGE MEXYCKE.
A wight comes into view. It is wielding a +3 flail.
Found an escape hatch in the ceiling.
A wight and a phantom come into view.
The wight misses you.
Your +2 dagger of venom stops dripping with poison.
b - a +0 rapier (weapon)
The wight misses you.
You hit the wight but do no damage. The wight completely misses you.
You hit the wight but do no damage. The wight hits you but does no damage.
You barely miss the wight. Your punch misses the wight.
The wight hits you with a +0 battleaxe!
You hit the wight.
The wight is moderately damaged.
You hit the wight.
The wight is moderately damaged.
The wight hits you with a +0 battleaxe!
* * * LOW HITPOINT WARNING * * *
You closely miss the wight.
The wight is moderately damaged.
The wight closely misses you.
You hit the wight.
The wight is heavily damaged.
The wight barely misses you.
You barely miss the wight.
The wight is heavily damaged.
The wight misses you.
You hit the wight but do no damage.
The wight is heavily damaged.
The wight hits you with a +0 battleaxe!
You die...

.# .### ..... .####
....#.....[...# .#.
.##.#.##.##...# .. z
.##.#.#.......# W#<#
###
....#.#..#.#..#####.?..
...
.#......>.###...@zz..z#
#.#
#.##.#..#.#..#.###.###
#.# #.##.#..##.#.#.# +#
#<# #..........#.#.#
#.# ...#.#.......###
##.# .....#.##....#
#..# ...###.##.#..#
#.## .# .. #.# #.#


You could see 2 wights.

Vanquished Creatures
  An ice beast (D:5)
  A scorpion (D:4)
  A hound (D:4)
  An iguana (D:4)
  A gnoll (D:1)
  An adder (D:2)
  2 worms
  6 orcs (D:4)
  14 bats
  3 endoplasms
  2 giant cockroaches (D:4)
  6 goblins
  9 hobgoblins
  4 jackals
  2 quokkas
  6 ball pythons
  6 frilled lizards
  9 kobolds
  4 rats
79 creatures vanquished.

Notes
Turn   | Place    | Note
-------+----------+-------------------------------------------
     0 | D:1      | Eitelfritz the Kobold Brigand began the quest for the Orb.
     0 | D:1      | Reached XP level 1. HP: 12/12 MP: 1/1
   171 | D:1      | Reached XP level 2. HP: 17/17 MP: 2/2
   175 | D:1      | Reached skill level 6 in Stealth
   315 | D:1      | Found a faded altar of an unknown god.
   550 | D:1      | Reached XP level 3. HP: 21/21 MP: 3/3
   886 | D:2      | Found Geiclamn's Weapon Emporium.
  1452 | D:2      | Reached skill level 7 in Stealth
  1452 | D:2      | Reached XP level 4. HP: 9/26 MP: 4/4
  2167 | D:3      | You fall into a shaft and drop 3 floors!
  2173 | D:5      | Entered Level 5 of the Dungeon
  2234 | D:4      | Found a runed translucent door.
  2234 | D:4      | Noticed ripuliukko's ghost (amateur DsFi)
  2258 | D:4      | Found a staircase to the Ecumenical Temple.
  2265 | Temple   | Entered the Ecumenical Temple
  2448 | D:4      | Reached XP level 5. HP: 31/31 MP: 5/5
  2591 | D:4      | Found a white marble altar of Elyvilon.
  2784 | D:4      | Reached skill level 8 in Stealth
  2891 | D:4      | Reached XP level 6. HP: 36/36 MP: 6/6
  3121 | D:4      | Found a hide-covered altar of Uskayaw.
  3440 | D:4      | Found a broken altar of Ashenzari.
  3445 | D:4      | Found an ancient bone altar of Kikubaaqudgha.
  3457 | D:4      | Became a worshipper of Uskayaw the Reveller
  3622 | D:3      | Found an iron altar of Okawaru.
  3745 | D:3      | Reached * piety under Uskayaw
  3871 | D:3      | Reached ** piety under Uskayaw
  4234 | D:3      | Learned a level 3 spell: Ignite Poison
  4363 | D:5      | Noticed an ice beast
  4379 | D:5      | Reached *** piety under Uskayaw
  4380 | D:5      | Killed an ice beast
  4381 | D:5      | Reached skill level 1 in Invocations
  4429 | D:5      | Slain by a wight

Illustrated notes

Levels and vault maps discovered:
D:1:      heliophobic_arrival_battle_scene, layout_loops_ring,
          basic_ecumenical_altar, solitary_fountain
D:2:      layout_loops_ring, serial_shops, nicolae_shop_stone
D:3:      layout_loops_cross, mainiacjoe_overflow_surrounded_room,
          roderic_batcave, grunt_decor_resistance
D:4:      layout_basic, minmay_overflow_temple_star_quad, elyvilon_altar_1,
          minmay_temple_entry_trees, gammafunk_ghost_grave
D:5:      layout_loops_ring, nicolae_ossuary_entry_giza, minivault_1,
          nrook_pool_corridor, ebering_dispersal_statue_hall
D:6:      minmay_flawed_box, layout_basic, serial_shops, kennysheep_mini,
          lemuel_flame_loot_1
Temple:   eino_narrow_crystal_temple

Skill      XL: |  1  2  3  4  5  6 |
---------------+-------------------+-----
Stealth        | 6 7 8 |  8.8
Short Blades   | 3 4 |  4.5
Dodging        | 2 |  2.5
Invocations    | 1 |  1.2
Fighting       | |  2.5
Throwing       | |  2.2

Action                   |  1- 3 |  4- 6 || total
-------------------------+-------+-------++-------
Melee: Dagger            |    56 |    83 ||   139
       Punch             |     1 |     1 ||     2
       Rapier            |       |    22 ||    22
 Stab: Sleeping          |    19 |    26 ||    45
       Paralysed         |       |     1 ||     1
Armor: Robe              |    14 |    37 ||    51
Dodge: Dodged            |    22 |   147 ||   169
